 Dungeon Crawl Stone Soup version 0.25-a0-1133-g93ebf739aa (webtiles) character file.

Game seed: 803405556413691066, levelgen mode: deterministic

955380 gruber the Archmage (level 27, -16/158 HPs)
             Began as a Deep Elf Ice Elementalist on May 20, 2020.
             Was the Champion of Vehumet.
             Killed from afar by a Tzitzimitl (69 damage)
             ... with a bolt of cold
             ... created by the effects of Hell
             ... on level 4 of Tartarus on May 21, 2020.
             The game lasted 03:58:02 (101134 turns).

gruber the Archmage (Deep Elf Ice Elementalist)   Turns: 101134, Time: 03:58:02

Health: -16/158    AC: 25    Str: 17    XL:     27
Magic:  65/65      EV: 29    Int: 60    God:    Vehumet [******]
Gold:   8905       SH: 28    Dex: 21    Spells: 27/80 levels left

rFire    + + .     SeeInvis +   q - +8 spear "Leviticus" {vorpal, Int+6 Dex+2}
rCold    x . .     Gourm    .   J - +6 tower shield of the Crown {rF+ Int+4 Stlth+}
rNeg     + + +     Faith    .   D - +5 ring mail "Pylipnu" {Regen+ Str+7}
rPois    .         Spirit   .   w - +0 helmet of the Valley of Death {Str+7 Dex+4 SInv}
rElec    +         Reflect  .   V - +2 cloak {rF+}
rCorr    +         Harm     .   I - +1 pair of gloves "Jiomesm" {Int+4}
MR       +++..                  X - +0 pair of boots of the Ban {Int+6 Stlth+}
Stlth    ++++......             N - amulet of magic regeneration
HPRegen  0.76/turn              s - ring "Acaic" {MR+ MP+9 Int+6}
MPRegen  0.64/turn              A - ring of Teregoh {*Drain rElec rC- rN+++ rCorr}

@: hasted, silenced, very quick
A: sense surroundings 1, weak 1, subdued magic 1
}: 5/15 runes: serpentine, barnacled, slimy, silver, obsidian
a: Renounce Religion


You were on level 4 of Tartarus.
You worshipped Vehumet.
Vehumet was exalted by your worship.
You were not hungry.

You visited 14 branches of the dungeon, and saw 65 of its levels.
You also visited: Gauntlet, Ice Cave and Volcano.

You collected 15493 gold pieces.
You spent 6588 gold pieces at shops.

Inventory:

Hand Weapons
 q - the +8 spear "Leviticus" (weapon) {vorpal, Int+6 Dex+2}
   (You bought it in a shop on level 3 of the Elven Halls)

   It inflicts extra damage upon your enemies.
   It affects your intelligence (+6).
   It affects your dexterity (+2).
 L - the +6 Majin-Bo {vamp, Archmagi MP+6 Int+6}
   (You found it on level 8 of the Dungeon)

   It inflicts no extra harm, but heals its wielder when it wounds a living foe.
   It affects your intelligence (+6).
   It affects your magic capacity (+6).
 Q - the +8 demon trident "Pionlala" {vamp, rElec Int+3}
   (You took it off a merfolk impaler on level 3 of the Shoals)

   It inflicts no extra harm, but heals its wielder when it wounds a living foe.
   It affects your intelligence (+3).
   It insulates you from electricity.
Missiles
 m - 61 silver javelins (quivered)
 C - 21 curare-tipped darts
Armour
 a - a scarf of repulsion
 r - the +8 orange crystal plate armour {Archmagi, Int+3 Clar}
   (You found it on level 3 of the Elven Halls)

   It affects your intelligence (+3).
   It protects you against confusion.
 w - the +0 helmet of the Valley of Death (worn) {Str+7 Dex+4 SInv}
   (You found it in a volcano)

   It affects your strength (+7).
   It affects your dexterity (+4).
   It lets you see invisible.
 D - the +5 ring mail "Pylipnu" (worn) {Regen+ Str+7}
   (You bought it in a shop on level 5 of the Dungeon)

   It affects your strength (+7).
   It increases your rate of regeneration.
 E - the +8 chain mail of Zosorausk {rCorr Int+3 Dex+3}
   (You bought it in a shop on level 5 of the Dungeon)

   It affects your intelligence (+3).
   It affects your dexterity (+3).
   It provides partial protection from all sources of acid and corrosion.
 I - the +1 pair of gloves "Jiomesm" (worn) {Int+4}
   (You found it on level 7 of the Dungeon)

   It affects your intelligence (+4).
 J - the +6 tower shield of the Crown (worn) {rF+ Int+4 Stlth+}
   (You bought it in a shop on level 2 of the Shoals)

   It affects your intelligence (+4).
   It protects you from fire.
   It makes you more stealthy.
 V - a +2 cloak of fire resistance (worn)
 X - the +0 pair of boots of the Ban (worn) {Int+6 Stlth+}
   (You found it on level 4 of the Vaults)

   It affects your intelligence (+6).
   It makes you more stealthy.
Jewellery
 h - an uncursed ring of resist corrosion
 s - the ring "Acaic" (left hand) {MR+ MP+9 Int+6}
   (You bought it in a shop on level 2 of the Orcish Mines)

   [ring of magical power]

   It affects your intelligence (+6).
   It affects your resistance to hostile enchantments.
   It affects your magic capacity (+9).
 v - the ring "Cyviof" {rF+ MR+ MP+9}
   (You found it on level 3 of the Elven Halls)

   [ring of magical power]

   It protects you from fire.
   It affects your resistance to hostile enchantments.
   It affects your magic capacity (+9).
 A - the ring of Teregoh (right hand) {*Drain rElec rC- rN+++ rCorr}
   (You found it in a Gauntlet)

   [ring of resist corrosion]

   It makes you vulnerable to cold.
   It insulates you from electricity.
   It renders you almost immune to negative energy.
   It provides partial protection from all sources of acid and corrosion.
   It causes draining when unequipped.
 G - the amulet of Vitality {Regen+ HP+15}
   (You found it on level 5 of the Pits of Slime)

   [amulet of regeneration]

   It affects your health (+15).
   It increases your rate of regeneration.
 N - an amulet of magic regeneration (around neck)
 S - the ring "Foil" {+Fly Str+6}
   (You found it on level 1 of the Snake Pit)

   [ring of flight]

   It affects your strength (+6).
   It lets you fly.
 W - the ring of Xom's Best Wishes {MR+ EV+4 Str+4 Int+3}
   (You found it on level 5 of the Pits of Slime)

   [ring of evasion]

   It affects your evasion (+4).
   It affects your strength (+4).
   It affects your intelligence (+3).
   It affects your resistance to hostile enchantments.
Wands
 i - a wand of enslavement (12)
 j - a wand of disintegration (30)
 t - a wand of acid (12)
 z - a wand of iceblast (85)
 T - a wand of clouds (17)
 U - a wand of digging (32)
Scrolls
 e - 21 scrolls of remove curse
 f - 3 scrolls of blinking
 l - a scroll of noise {unknown}
 n - 7 scrolls of magic mapping
 o - 32 scrolls of teleportation
 u - 10 scrolls of fear
 y - 8 scrolls of fog
 F - 6 scrolls of random uselessness {unknown}
 H - 4 scrolls of amnesia
 M - 4 scrolls of holy word
 P - 3 scrolls of identify
 Z - a scroll of brand weapon
Potions
 b - 2 potions of ambrosia
 d - 11 potions of heal wounds
 g - 23 potions of curing
 k - 8 potions of brilliance
 p - 9 potions of flight
 x - 7 potions of cancellation
 K - 4 potions of magic
 O - 6 potions of resistance
 R - 5 potions of haste
 Y - 3 potions of invisibility
Comestibles
 c - 70 rations


   Skills:
 - Level 12.4 Fighting
   Level 1.0(2.5) Maces & Flails
 + Level 8.3(8.7) Polearms
 - Level 5.1(8.7) Staves
 - Level 20.0 Armour
 - Level 23.0 Dodging
 - Level 2.4 Stealth
 - Level 19.0 Shields
 O Level 27 Spellcasting
 - Level 16.0 Conjurations
 - Level 0.2 Charms
 - Level 7.1 Summonings
 - Level 17.3 Necromancy
 - Level 16.1 Transmutations
 * Level 23.7 Ice Magic
 - Level 6.0 Air Magic
 - Level 15.1 Earth Magic
 - Level 10.1 Evocations


You had 27 spell levels left.
You knew the following spells:

 Your Spells              Type           Power        Failure   Level  Hunger
a - Freeze                Ice            ####         0%          1    None
c - Ozocubu's Armour      Chrm/Ice       ########     0%          3    None
e - Summon Ice Beast      Ice/Summ       ########     0%          4    None
f - Ozocubu's Refrigerat  Ice            ########..   0%          6    None
g - Blink                 Tloc           N/A          1%          2    None
h - Stone Arrow           Conj/Erth      ######       0%          3    None
i - Freezing Cloud        Conj/Ice/Air   ########..   1%          6    None
j - Iron Shot             Conj/Erth      ########..   1%          6    None
k - Absolute Zero         Ice            ########..   1%          9    None
l - Necromutation         Tmut/Necr      ########..   1%          8    None
m - Borgnjor's Vile Clut  Necr/Erth      ########..   0%          5    None

Your spell library contained the following spells:

 Spells                   Type           Power        Failure   Level  Hunger
 Chain Lightning          Conj/Air       ########..   4%          8    None
 Fire Storm               Conj/Fire      #######...   87%         9    None
 Animate Skeleton         Necr           N/A          0%          1    None
 Beastly Appendage        Tmut           ######       0%          1    None
 Foxfire                  Conj/Fire      ####         0%          1    None
 Magic Dart               Conj           ####         0%          1    None
 Sandblast                Erth           ######       0%          1    None
 Shock                    Conj/Air       ####         0%          1    None
 Sting                    Tmut/Pois      ####         0%          1    None
 Summon Butterflies       Summ           #######.     0%          1    None
 Summon Small Mammal      Summ           ####         0%          1    None
 Call Imp                 Summ           #######.     0%          2    None
 Corpse Rot               Necr/Air       N/A          0%          2    None
 Ensorcelled Hibernation  Hex/Ice        ######       0%          2    None
 Searing Ray              Conj           ######       0%          2    None
 Sticks to Snakes         Tmut           ########     0%          2    None
 Sublimation of Blood     Necr           ########..   0%          2    None
 Conjure Flame            Conj/Fire      #######.     0%          3    None
 Dazzling Flash           Conj/Hex       ######       0%          3    None
 Frozen Ramparts          Ice            ######       0%          3    None
 Mephitic Cloud           Conj/Pois/Air  #######.     0%          3    None
 Spider Form              Tmut/Pois      #######...   0%          3    None
 Static Discharge         Conj/Air       ########     0%          3    None
 Dispel Undead            Necr           ########     0%          4    None
 Hailstorm                Conj/Ice       ########     0%          4    None
 Ice Form                 Ice/Tmut       ########     0%          4    None
 Agony                    Necr           ########     0%          5    None
 Blade Hands              Tmut           ########..   0%          5    None
 Irradiate                Conj/Tmut      ########..   0%          5    None
 Lee's Rapid Deconstruct  Erth           ########..   0%          5    None
 Death Channel            Necr           ########..   0%          6    None
 Apportation              Tloc           ######       1%          1    None
 Corona                   Hex            ######.      1%          1    None
 Infusion                 Chrm           ####         1%          1    None
 Poisonous Vapours        Pois/Air       ######       1%          2    None
 Shroud of Golubria       Chrm/Tloc      ######       1%          2    None
 Slow                     Hex            ######..     1%          2    None
 Song of Slaying          Chrm           ######..     1%          2    None
 Swiftness                Chrm/Air       #######.     1%          2    None
 Call Canine Familiar     Summ           #######.     1%          3    None
 Confusing Touch          Hex            ######..     1%          3    None
 Ignite Poison            Fire/Tmut/Pois #######.     1%          3    None
 Inner Flame              Hex/Fire       ######..     1%          3    None
 Lesser Beckoning         Tloc           ######....   1%          3    None
 Recall                   Summ/Tloc      N/A          1%          3    None
 Spectral Weapon          Hex/Chrm       ######..     1%          3    None
 Summon Guardian Golem    Hex/Summ       #######.     1%          3    None
 Tukima's Dance           Hex            ######..     1%          3    None
 Airstrike                Air            #######...   1%          4    None
 Cause Fear               Hex            ######....   1%          4    None
 Fulminant Prism          Conj/Hex       #######...   1%          4    None
 Iskenderun's Mystic Bla  Conj/Tloc      #######.     1%          4    None
 Leda's Liquefaction      Hex/Erth       #######...   1%          4    None
 Olgreb's Toxic Radiance  Pois           ######..     1%          4    None
 Sticky Flame             Conj/Fire      #######.     1%          4    None
 Summon Lightning Spire   Summ/Air       #######.     1%          4    None
 Alistair's Intoxication  Tmut/Pois      #######.     1%          5    None
 Bolt of Magma            Conj/Fire/Erth ########..   1%          5    None
 Excruciating Wounds      Chrm/Necr      #######...   1%          5    None
 Fireball                 Conj/Fire      #######...   1%          5    None
 Iskenderun's Battlesphe  Conj/Chrm      #######.     1%          5    None
 Lightning Bolt           Conj/Air       ########..   1%          5    None
 Silence                  Hex/Air        ######....   1%          5    None
 Summon Forest            Summ/Tloc      #######...   1%          5    None
 Summon Mana Viper        Hex/Summ       #######.     1%          5    None
 Yara's Violent Unravell  Hex/Tmut       #######...   1%          5    None
 Eringya's Noxious Bog    Tmut/Pois      #######...   1%          6    None
 Hydra Form               Tmut           ########..   1%          6    None
 Starburst                Conj/Fire      #######...   1%          6    None
 Statue Form              Tmut/Erth      ########.    1%          6    None
 Dragon Form              Tmut           ########..   1%          7    None
 Haunt                    Necr/Summ      ########..   1%          7    None
 Orb of Destruction       Conj           ########..   1%          7    None
 Spellforged Servitor     Conj/Summ      ########..   1%          7    None
 Borgnjor's Revivificati  Necr           ########..   1%          8    None
 Infestation              Necr           ########..   1%          8    None
 Monstrous Menagerie      Summ           #######...   9%          7    None
 Summon Greater Demon     Summ           #######...   9%          7    None
 Summon Hydra             Summ           #######...   9%          7    None
 Shatter                  Erth           ########..   11%         9    None
 Invisibility             Hex            ######..     30%         6    None
 Death's Door             Chrm/Necr      #######...   34%         8    None
 Malign Gateway           Summ/Tloc      #######...   38%         7    None
 Summon Horrible Things   Summ           #######...   58%         8    None
 Ring of Flames           Chrm/Fire      ######....   86%         7    None
 Ignition                 Fire           ######....   96%         8    None
 Tornado                  Air            #######...   98%         9    None
 Discord                  Hex            ######....   100%        8    None


Dungeon Overview and Level Annotations

Branches:
Dungeon (15/15)            Temple (0/1) D:5            Lair (6/6) D:9
 Shoals (4/4) Lair:2        Snake (4/4) Lair:3        Slime (5/5) Lair:6
    Orc (2/2) D:10            Elf (3/3) Orc:2        Vaults (5/5) D:14
  Crypt (3/3) Vaults:2       Tomb (0/3) Crypt:3      Depths (5/5) D:15
   Hell (visited)             Dis (1/7) Hell            Geh (7/7) Hell
    Coc (0/7) Hell            Tar (5/7) Hell            Zot (0/5) Depths:5
  IceCv (visited)         Volcano (visited)         Gauntlet (visited)

Altars:
Ashenzari
Cheibriados
Dithmenos
Elyvilon
Fedhas
Gozag
Kikubaaqudgha
Nemelex Xobeh
Okawaru
Qazlal
Ru
Trog
Uskayaw
Vehumet
Xom
Yredelemnul
The Shining One
Beogh
Jiyva
Lugonu

Shops:
D:5 [   D:6 **[?[   D:13 }   Orc:2 :[(=   Elf:1 =   Elf:2 ?   Elf:3 (
Shoals:2 [   Snake:1 }}==   Snake:2 ?*::%   Vaults:1 =[   Vaults:2 (
Vaults:3 :   Depths:2 ?   Depths:3 *

Portals:
Hell: Depths:1 Depths:2 Depths:3 Depths:4 Depths:5
Abyss: Depths:3 Depths:4 Depths:5
Pandemonium: Depths:2 Depths:3 Depths:4 Depths:5
Ziggurat: Depths:1
Trove: Vaults:3 (give 12 potions of heal wounds)


Innate Abilities, Weirdness & Mutations

You passively map a small area around you.
You are weak. (Str -2)
Your spells are a little easier to cast, but a little less powerful.


Message History

The Tzitzimitl gestures at you.
The bolt of cold hits the ettin skeleton!
The ettin skeleton resists.
The bolt of cold hits you!!!
You feel a terrible chill!
* * * LOW HITPOINT WARNING * * *
You feel much better. The ettin skeleton misses you.
You block the ettin skeleton's attack.
You feel yourself speed up.
The ettin skeleton completely misses you.
You block the ettin skeleton's attack.
The Tzitzimitl calls on the powers of darkness!
Your body is wracked with pain!
* * * LOW HITPOINT WARNING * * *
You feel better.
You feel better.
You block the ettin skeleton's attack. x2
You feel better.
The Tzitzimitl is no longer covered in acid.
The Tzitzimitl gestures at you. The bolt of cold hits you!!!
You feel a terrible chill!
You die...

##)........###..#* , ##
.)).##.........# ,#. #### ,,##.
..)#######.....# #..###..#, ,#..
).##### #....#####..#..).# ##..
...#.># #.....#..#..#....##.#...
.[.W..#.....#.....##.##....).#..#
##.D.####.#####..##...#.....###.#
##.#..#... #..#Z1#..)#..####.#..
#..#..#..#, #..#@.#.).†..#....#..
#######'###########...##.###.....
####..#.......^#∩......#.#.#..#..
.......#............#.##.#.####..
.......#......##....#....#.#..###
.......#...)..#....#####.....##..
#......#..##8####.##..#..#)#.#...
##..#.#####....)###...####.###...
##.#...#∩.......#..###....# #...


You could see a Tzitzimitl and an ettin skeleton.

Vanquished Creatures
  Asmodeus (Geh:7)
  the Royal Jelly (Slime:5)
  5 ancient liches
  The ghost of Dyalist the Unseen, a legendary GnFi of Okawaru (Elf:3)
  Mara (Snake:3)
  2 juggernauts
  Sojobo (Crypt:1)
  Boris (Vaults:3)
  Xtahua (Vaults:2)
  A curse toe (Crypt:3)
  Saint Roka (Depths:3)
  Vashnia (Snake:4)
  Geryon (Hell)
  5 golden dragons
  Nikola (Shoals:2)
  9 caustic shrikes
  Jory (Depths:3)
  15 bone dragons
  13 doom hounds
  A hellephant (Hell)
  36 Tzitzimimeh
  51 Brimstone Fiends
  Jorgrun (Orc:2)
  5 tentacled monstrosities
  A Hell Sentinel (Geh:6)
  10 liches
  3 deep elf blademasters
  The ghost of Tudokhlaotz the Eclecticist, an adept NaWz of Cheibriados (Snake:2)
  The ghost of Hicoetiz the Spry, an adept SpEn of Kikubaaqudgha (Elf:3)
  The ghost of Naugih the Spry, an adept SpEn of Kikubaaqudgha (Elf:3)
  Asterion (Snake:4)
  6 titans
  3 quicksilver dragons
  The ghost of Uxtu Raffyig the Brawler, an adept VSGl of Cheibriados (Elf:3)
  20 acid blobs
  A tentacled starspawn (D:13)
  4 deep elf master archers (Elf:3)
  4 ancient champions
  2 krakens
  Kirke (Snake:4)
  19 shadow dragons
  The ghost of Agufooqau the Severer, an adept DDFi of Makhleb (Shoals:3)
  Ilsuiw (Shoals:3)
  Frances (D:14)
  8 sphinxes
  Donald (Orc:2)
  8 storm dragons
  18 azure jellies
  4 tengu reavers
  2 revenants
  A daeva (Depths:1)
  11 fire giants
  11 nagarajas
  An iron dragon (Vaults:5)
  13 frost giants
  A draconian shifter (Depths:5)
  13 balrugs
  11 vault wardens
  A cacodemon (Hell)
  5 deep elf sorcerers
  A caustic shrike zombie (Hell)
  Aizul (Snake:1)
  3 deep elf elementalists
  An orc warlord (Orc:2)
  A curse skull (Hell)
  2 juggernaut zombies (Hell)
  8 ghouls
  10 very ugly things
  7 war gargoyles
  10 ironheart preservers
  44 reapers
  7 spriggan defenders
  32 stone giants
  7 deep elf demonologists
  12 vampire knights
  2 lorocyprocas
  A green draconian (Depths:5)
  4 yellow draconians (Depths:5)
  2 white draconians (Depths:5)
  7 deep elf annihilators
  A minotaur (Gauntlet)
  15 ettins
  8 spark wasps
  5 eidola
  A dire elephant (Lair:6)
  7 merfolk javelineers
  7 death oozes
  A green death (Hell)
  15 jiangshi
  6 quicksilver dragon zombies
  3 blizzard demons
  11 merfolk impalers
  11 deep elf death magi
  12 fire dragons
  8 deep elf high priests
  26 yaktaur captains
  10 quicksilver dragon skeletons
  13 ice dragons
  5 rakshasas
  8 hydras
  12 great orbs of eyes
  4 merfolk avatars
  19 naga warriors
  41 vault guards
  4 spriggan air magi
  8 death knights
  A ghost crab (Tar:4)
  A catoblepas (D:14)
  7 ogre magi
  18 anacondas
  An alligator snapping turtle (Shoals:4)
  18 two-headed ogres
  24 dancing weapons
  A satyr (Shoals:3)
  9 centaur warriors
  8 deep troll shamans
  4 merfolk aquamancers
  8 death yaks
  2 tengu warriors
  2 death scarabs (Gauntlet)
  50 hell hogs
  7 deep troll earth magi
  A queen ant (Lair:4)
  9 titan zombies
  25 naga sharpshooters
  A thrashing horror (D:13)
  17 vampire magi
  An orc high priest (Orc:2)
  10 spriggan berserkers
  8 shock serpents
  4 storm dragon zombies
  2 soul eaters
  2 iron golems (Hell)
  19 sun demons
  A small abomination (Elf:3)
  145 hell knights
  29 deep elf knights
  7 iron trolls
  3 shadow wraiths
  2 sixfirhies
  Sonja (D:10)
  88 skeletal warriors
  4 titan skeletons
  5 golden dragon zombies
  2 ghost moth zombies (Geh:6)
  2 death drakes (shapeshifter)
  A spark wasp zombie (Hell)
  A gelid demonspawn (Depths:3)
  6 anaconda zombies
  5 glowing orange brains
  15 sea snakes
  6 storm dragon skeletons
  9 anaconda skeletons
  3 tengu zombies
  8 golden dragon skeletons
  5 unseen horrors
  2 quicksilver dragon simulacra (Crypt:1)
  A salamander mystic (Snake:3)
  8 shadow demons
  An infernal demonspawn (Depths:4)
  24 flayed ghosts
  14 naga ritualists
  2 death drakes
  11 ironbrand convokers
  19 deep trolls
  8 wizards
  5 shadow dragon zombies
  A lindwurm (shapeshifter) (Depths:2)
  22 deep elf archers
  8 mana vipers
  6 harpies (Shoals:4)
  55 necromancers
  18 orc knights
  8 wolf spider zombies
  22 phantasmal warriors
  14 manticores
  14 fire giant zombies
  An orb spider (shapeshifter) (Vaults:3)
  80 deep elf magi
  An oklob plant (Gauntlet)
  6 stone giant zombies
  2 mana vipers (shapeshifter)
  9 frost giant zombies
  6 wolf spiders
  A sphinx zombie (Vaults:2)
  3 fauns (Shoals:3)
  11 orc sorcerers
  A salamander (shapeshifter) (Vaults:5)
  6 iron dragon zombies
  35 ugly things
  8 cyclopes
  9 shadow dragon skeletons
  8 salamanders
  9 shining eyes
  A shock serpent zombie (Tar:2)
  4 elephants
  A manticore (shapeshifter) (Depths:3)
  11 frost giant skeletons
  10 guardian serpents
  7 iron dragon skeletons
  2 moths of wrath
  2 centaur zombies
  9 stone giant skeletons
  11 merfolk sirens
  7 fire giant skeletons
  4 toenail golems (Volcano)
  33 black mambas
  An ice statue (IceCv)
  24 vault sentinels
  An eye of devastation (Slime:3)
  2 gargoyles
  14 naga magi
  A titan simulacrum (Tar:3)
  12 smoke demons
  8 water nymphs
  10 spiny frogs
  8 dire elephant zombies
  2 orange demons
  A spiny frog (shapeshifter) (Depths:3)
  9 molten gargoyles
  A white draconian zombie (Crypt:3)
  3 shock serpent skeletons
  39 hellions
  12 rust devils
  5 spectral swamp worms (Depths:4)
  A catoblepas zombie (Tar:3)
  66 yaktaurs
  2 rime drakes (IceCv)
  A kobold demonologist (D:15)
  6 dire elephant skeletons
  20 freezing wraiths
  2 yaktaurs (shapeshifter)
  5 emperor scorpion zombies
  14 ice devils
  6 efreet
  A tengu conjurer (Depths:1)
  27 tormentors
  5 komodo dragons
  A yellow draconian skeleton (Crypt:1)
  A hellwing (Depths:3)
  35 red devils
  A catoblepas skeleton (Crypt:2)
  2 harpy zombies
  A guardian mummy (Crypt:3)
  A golden dragon simulacrum (Tar:3)
  A troll (shapeshifter) (Vaults:2)
  4 trolls
  19 polar bears
  7 silent spectres
  2 jumping spiders (shapeshifter)
  5 wind drakes
  36 merfolk
  A polar bear (shapeshifter) (Depths:1)
  A moth of wrath zombie (Crypt:2)
  A meliai (shapeshifter) (Vaults:5)
  6 hydra skeletons
  10 hydra zombies
  A wolf spider simulacrum (Lair:3)
  A tyrant leech (shapeshifter) (Vaults:5)
  14 hornets
  2 harpy skeletons
  7 fire dragon zombies
  2 blink frogs (shapeshifter) (Depths:1)
  11 ettin zombies
  A fire giant simulacrum (Vaults:3)
  6 ice dragon zombies
  A satyr zombie (Crypt:1)
  3 bog bodies
  140 slime creatures
  4 alligator zombies
  12 hippogriffs
  106 flying skulls
  A raiju (D:13)
  5 blink frogs (Lair:5)
  2 dream sheep (shapeshifter) (Vaults:2)
  A tarantella zombie (Crypt:3)
  A spectral black mamba (Gauntlet)
  4 ettin skeletons
  6 snapping turtles
  12 water elementals
  2 black mamba zombies
  An alligator skeleton (Tar:3)
  4 redbacks (Gauntlet)
  4 fire dragon skeletons
  An elf zombie (Hell)
  11 spriggans
  A dire elephant simulacrum (Lair:3)
  2 large abominations (D:13)
  36 shadows
  A vampire (D:13)
  39 wraiths
  3 wyverns
  3 ice dragon skeletons
  7 hogs
  48 yaks
  A human (D:11)
  A fire bat (shapeshifter) (Depths:3)
  2 air elementals (Elf:1)
  5 basilisks
  54 fire elementals
  17 golden eyes
  A spectral fire crab (Gauntlet)
  7 vampire mosquitoes
  A black mamba skeleton (Crypt:3)
  6 hungry ghosts
  A chaos spawn (Depths:4)
  A gelid demonspawn zombie (Geh:4)
  A harpy simulacrum (Crypt:1)
  82 nagas
  7 wargs
  2 hydra simulacra
  13 soldier ants (Lair:4)
  A merfolk zombie (Crypt:3)
  5 acid dragons
  A floating eye (Depths:5)
  94 hell hounds
  22 water moccasins
  5 spiny frog zombies
  5 porcupines
  A sky beast (shapeshifter) (Depths:1)
  3 manticore zombies
  A monstrous demonspawn skeleton (Crypt:2)
  A swamp drake (D:10)
  52 orc warriors
  A sky beast (D:15)
  6 black bears
  2 swamp dragon zombies
  2 ice beasts
  An ice dragon simulacrum (Crypt:2)
  A black bear (shapeshifter) (D:13)
  2 alligator simulacra (Hell)
  9 eyes of draining
  16 ogres
  10 phantoms
  An orc zombie (Vaults:2)
  4 spiny frog skeletons
  An eye of draining (shapeshifter) (Vaults:3)
  A hog zombie (Crypt:1)
  40 necrophages
  16 centaurs
  6 snapping turtle zombies
  A boggart (Depths:2)
  28 wolves
  10 crocodiles
  A manticore skeleton (Geh:4)
  3 snapping turtle skeletons
  2 swamp dragon skeletons
  A big kobold (D:6)
  A hippogriff zombie (Crypt:1)
  7 human zombies
  15 bullfrogs
  2 earth elementals
  An elf skeleton (Tar:4)
  A water moccasin zombie (Crypt:3)
  An elf simulacrum (Vaults:3)
  4 scorpions
  7 killer bees
  A raiju zombie (Crypt:3)
  3 spriggan zombies
  A warg skeleton (Crypt:2)
  A water moccasin skeleton (D:11)
  A shapeshifter zombie (Crypt:2)
  A manticore simulacrum (Tar:3)
  117 wights
  3 howler monkeys (D:8)
  An electric eel (Lair:6)
  21 crimson imps
  2 lava snakes (Snake:4)
  A quasit (D:8)
  9 hounds
  2 jellies
  25 orc priests
  4 centaur skeletons
  5 iron imps
  28 orc wizards
  Jessica (D:3)
  2 human skeletons
  2 iguanas
  21 worker ants
  A polar bear simulacrum (Lair:3)
  A deep dwarf zombie (Crypt:3)
  A bullfrog simulacrum (Lair:3)
  An ogre skeleton (Tar:3)
  18 mummies
  A howler monkey zombie (D:7)
  A howler monkey skeleton (Crypt:1)
  4 gnolls
  A swamp drake zombie (Crypt:2)
  17 adders
  A scorpion zombie (Crypt:3)
  30 shadow imps
  4 white imps
  5 ufetubi
  A worm zombie (Crypt:1)
  An adder zombie (D:8)
  6 worms
  7 leopard geckos
  124 orcs
  7 ball pythons
  4 bats
  3 giant cockroaches
  7 goblins
  10 hobgoblins
  4 jackals (D:3)
  8 kobolds
  5 quokkas
  5 frilled lizards
  A kobold skeleton (Geh:3)
  2 kobold zombies
  2 leopard gecko skeletons
  5 rats
  5 blocks of ice
  A bush (Lair:6)
  A butterfly (Lair:4)
  4 crawling corpses (Elf:3)
  4 fungi
  84 plants
  2 tentacles
4127 creatures vanquished.

Vanquished Creatures (collateral kills)
  A very ugly thing (Depths:2)
  2 entropy weavers (Lair:4)
  3 hydras
  A death knight (Crypt:1)
  2 death yaks
  A catoblepas (Lair:6)
  A skeletal warrior (D:12)
  A wolf spider zombie (D:15)
  A cyclops (D:10)
  2 orc sorcerers (D:7)
  6 elephants
  2 centaur zombies
  A toenail golem (Volcano)
  2 black mambas
  3 spiny frogs
  2 komodo dragons
  A hydra zombie (Geh:7)
  A wolf spider simulacrum (D:15)
  2 polar bears (Lair:2)
  4 hippogriffs
  A hydra skeleton (Geh:7)
  A wyvern (D:9)
  3 centaur simulacra (D:15)
  A shadow (D:15)
  4 yaks (Lair:6)
  A water elemental (D:15)
  A wraith (Vaults:1)
  A hungry ghost (D:14)
  A vampire mosquito (D:14)
  A basilisk (Lair:6)
  A redback simulacrum (D:15)
  Edmund (D:5)
  7 soldier ants (Lair:4)
  4 ice beasts
  4 water moccasins
  A porcupine (Lair:2)
  3 phantoms
  A black bear (D:6)
  A sky beast (D:7)
  7 wolves
  2 crocodiles
  A bullfrog (D:11)
  A bullfrog zombie (D:7)
  A jelly (D:5)
  An iguana (D:7)
  A centaur skeleton (D:6)
  2 worker ants
  A worm (D:5)
  3 orcs
  A quokka (D:5)
  A fungus (Lair:4)
99 creatures vanquished.

Vanquished Creatures (others)
  2 hell hogs (Geh:7)
  A deep elf mage (Vaults:2)
  A yak (IceCv)
  A merfolk skeleton (Geh:2)
  2 wolves (IceCv)
  2 wights (Geh:1)
  535 blocks of ice
  4 fungi
  4 plants
  6 tentacles
558 creatures vanquished.

Grand Total: 4784 creatures vanquished

Notes
Turn   | Place    | Note
-------+----------+-------------------------------------------
     0 | D:1      | gruber the Deep Elf Ice Elementalist began the quest for
                  | the Orb.
     0 | D:1      | Reached XP level 1. HP: 10/10 MP: 6/6
   375 | D:1      | Reached XP level 2. HP: 15/15 MP: 6/8
   768 | D:2      | Reached skill level 5 in Ice Magic
  1196 | D:2      | Reached XP level 3. HP: 19/19 MP: 8/10
  1204 | D:2      | Learned a level 3 spell: Frozen Ramparts
  1208 | D:2      | Learned a level 3 spell: Ozocubu's Armour
  1298 | D:2      | Found a sacrificial altar of Ru.
  1524 | D:2      | Reached skill level 4 in Spellcasting
  1847 | D:3      | Noticed Jessica
  2017 | D:3      | Killed Jessica
  2017 | D:3      | Reached XP level 4. HP: 12/24 MP: 6/12
  2223 | D:3      | Learned a level 4 spell: Hailstorm
  2524 | D:3      | Found a radiant altar of Vehumet.
  2576 | D:3      | Became a worshipper of Vehumet
  2925 | D:4      | Reached skill level 5 in Spellcasting
  2925 | D:4      | Reached XP level 5. HP: 15/28 MP: 7/14
  3086 | D:4      | You fall into a shaft and drop 3 floors!
  3087 | D:7      | Noticed a hippogriff
  3094 | D:7      | Killed a hippogriff
  3094 | D:7      | Reached skill level 6 in Spellcasting
  3094 | D:7      | Reached XP level 6. HP: 28/32 MP: 10/17
  3209 | D:7      | Reached skill level 7 in Spellcasting
  3213 | D:7      | Reached XP level 7. HP: 24/36 MP: 8/19
  3252 | D:7      | Learned a level 4 spell: Summon Ice Beast
  3557 | D:7      | Noticed an orc sorcerer
  3557 | D:7      | Paralysed by an orc sorcerer for 7 turns
  3702 | D:6      | Reached skill level 1 in Summonings
  4266 | D:6      | Found Zius Cua's Armour Shoppe.
  4294 | D:6      | Reached * piety under Vehumet
  4294 | D:6      | Offered knowledge of Sandblast by Vehumet.
  4294 | D:6      | Reached skill level 5 in Summonings
  4299 | D:6      | Found Talutuqo's Magic Scroll Boutique.
  4405 | D:6      | Bought a scroll of fog for 22 gold pieces
  4405 | D:6      | Bought a scroll of identify for 22 gold pieces
  4405 | D:6      | Bought a scroll of identify for 22 gold pieces
  4405 | D:6      | Bought a scroll of teleportation for 33 gold pieces
  4405 | D:6      | Bought a scroll of identify for 22 gold pieces
  4442 | D:6      | Found Xethoupp's General Store.
  4445 | D:6      | Found Oduepn's General Store.
  4452 | D:6      | Found Ycromas's Antique Armour Boutique.
  4477 | D:6      | Reached XP level 8. HP: 41/41 MP: 16/21
  4530 | D:6      | Found a blossoming altar of Fedhas.
  4532 | D:6      | Found a bloodstained altar of Trog.
  4532 | D:6      | Found an opulent altar of Gozag.
  4534 | D:6      | Found a shimmering altar of Xom.
  4534 | D:6      | Found a shimmering altar of Xom.
  4534 | D:6      | Found a white marble altar of Elyvilon.
  4971 | D:5      | Entered Level 5 of the Dungeon
  4994 | D:5      | Noticed Edmund
  4998 | D:5      | Reached skill level 8 in Spellcasting
  5011 | D:5      | Killed Edmund
  5015 | D:5      | Reached skill level 9 in Spellcasting
  5190 | D:5      | Found a shattered altar of Ashenzari.
  5675 | D:4      | Noticed a +0 hand axe
  5676 | D:4      | Found a hide-covered altar of Uskayaw.
  5676 | D:4      | Noticed a +0 hand axe
  5761 | D:5      | Found a staircase to the Ecumenical Temple.
  5949 | D:5      | Found Jungask's Antique Armour Boutique.
  6174 | D:5      | Found a shimmering altar of Xom.
  6247 | D:4      | Found a sparkling altar of Nemelex Xobeh.
  6300 | D:4      | Reached skill level 10 in Spellcasting
  6565 | D:4      | Found a snail-covered altar of Cheibriados.
  6773 | D:4      | Reached ** piety under Vehumet
  7021 | D:7      | Offered knowledge of Shock by Vehumet.
  7021 | D:7      | Reached XP level 9. HP: 34/45 MP: 10/25
  7110 | D:7      | Found a glowing golden altar of the Shining One.
  7138 | D:7      | Found a stormy altar of Qazlal.
  7183 | D:7      | Reached skill level 11 in Spellcasting
  7348 | D:7      | Noticed an orc sorcerer
  7393 | D:7      | Killed an orc sorcerer
  7399 | D:7      | Killed an orc sorcerer
  7424 | D:7      | Got a pair of pitted gloves
  7425 | D:7      | Identified the +1 pair of gloves "Jiomesm" {Int+4} (You
                  | found it on level 7 of the Dungeon)
  8099 | D:8      | Reached skill level 10 in Ice Magic
  8577 | D:8      | Found the +6 Majin-Bo {vamp, Archmagi MP+6 Int+6}
  8589 | D:8      | Offered knowledge of Mephitic Cloud by Vehumet.
  8896 | D:9      | Found a blossoming altar of Fedhas.
  8914 | D:9      | Noticed a death yak
  8924 | D:9      | Noticed a death yak
  8926 | D:9      | Reached XP level 10. HP: 25/50 MP: 9/27
  8926 | D:9      | Killed a death yak
  8926 | D:9      | Noticed a death yak
  8935 | D:9      | Killed a death yak
  8940 | D:9      | Killed a death yak
  9205 | D:9      | Reached *** piety under Vehumet
  9260 | D:9      | Found a staircase to the Lair.
  9465 | D:9      | Found an opulent altar of Gozag.
  9518 | D:9      | Found an iron altar of Okawaru.
  9909 | D:10     | Entered Level 10 of the Dungeon
 10378 | D:10     | Noticed Sonja
 10388 | D:10     | Killed Sonja
 10527 | D:10     | Offered knowledge of Static Discharge by Vehumet.
 10527 | D:10     | Reached XP level 11. HP: 45/54 MP: 28/28
 10695 | D:10     | Noticed a two-headed ogre
 10783 | Lair:1   | Entered Level 1 of the Lair of Beasts
 10790 | Lair:1   | Reached skill level 1 in Staves
 11396 | Lair:1   | Noticed an eight-headed hydra
 11401 | Lair:1   | Killed an eight-headed hydra
 12132 | Lair:1   | Reached skill level 5 in Staves
 13154 | Lair:2   | Reached **** piety under Vehumet
 13154 | Lair:2   | Reached skill level 5 in Dodging
 13196 | Lair:2   | Found a staircase to the Shoals.
 13695 | Lair:3   | Offered knowledge of Fireball by Vehumet.
 13874 | Lair:3   | Found a transporter.
 14017 | Lair:3   | Found a staircase to the Snake Pit.
 14202 | Lair:3   | Noticed a six-headed hydra
 14209 | Lair:3   | Killed a six-headed hydra
 14878 | Lair:3   | Found a transporter.
 15575 | Lair:4   | Reached skill level 12 in Spellcasting
 15623 | Lair:4   | Reached XP level 12. HP: 59/59 MP: 26/30
 15667 | Lair:4   | Noticed a queen ant
 15675 | Lair:4   | Noticed an entropy weaver
 15676 | Lair:4   | Noticed an entropy weaver
 15679 | Lair:4   | Reached skill level 15 in Ice Magic
 15681 | Lair:4   | Killed a queen ant
 15827 | Lair:4   | Found a dark tunnel.
 15832 | Volcano  | Entered a volcano
 16009 | Volcano  | Got an ancient helmet
 16010 | Volcano  | Identified the +0 helmet of the Valley of Death {Str+7
                  | Dex+4 SInv} (You found it in a volcano)
 16564 | Lair:4   | Reached ***** piety under Vehumet
 16602 | Lair:4   | Offered knowledge of Fulminant Prism by Vehumet.
 16707 | Lair:4   | Killed an entropy weaver
 17460 | Lair:4   | Killed an entropy weaver
 17460 | Lair:4   | Reached skill level 13 in Spellcasting
 17592 | Lair:4   | Reached XP level 13. HP: 53/63 MP: 16/32
 18617 | Lair:5   | Reached skill level 14 in Spellcasting
 18848 | Lair:5   | Reached skill level 1 in Fighting
 19399 | Lair:6   | Entered Level 6 of the Lair of Beasts
 19688 | Lair:6   | Reached skill level 5 in Fighting
 19933 | Lair:6   | Found a viscous altar of Jiyva.
 19933 | Lair:6   | Found a staircase to the Slime Pits.
 20227 | Lair:6   | Reached skill level 10 in Dodging
 20739 | Lair:6   | Noticed a dire elephant
 20746 | Lair:6   | Killed a dire elephant
 20746 | Lair:6   | Offered knowledge of Ozocubu's Refrigeration by Vehumet.
 20754 | Lair:6   | Learned a level 6 spell: Ozocubu's Refrigeration
 21061 | Lair:6   | Reached skill level 15 in Spellcasting
 21493 | D:10     | Reached XP level 14. HP: 79/80 MP: 35/35
 22730 | D:11     | Reached skill level 16 in Spellcasting
 23814 | D:12     | Reached skill level 17 in Spellcasting
 24274 | D:12     | Found a snail-covered altar of Cheibriados.
 24489 | D:13     | Found Viraen's Gadget Shop.
 24509 | D:13     | Found a transporter.
 24509 | D:13     | Noticed a tentacled starspawn
 24510 | D:13     | Found a transporter.
 24510 | D:13     | Found a corrupted altar of Lugonu.
 24514 | D:13     | Noticed a white very ugly thing
 24651 | D:13     | Found a gate leading to a gauntlet.
 24674 | Gauntlet | Entered a Gauntlet
 24674 | Gauntlet | Found a transporter.
 24674 | Gauntlet | Found a transporter.
 24686 | Gauntlet | Found a transporter.
 24701 | Gauntlet | Found a transporter.
 24704 | Gauntlet | Found a transporter.
 24706 | Gauntlet | Found a transporter.
 24706 | Gauntlet | Found a transporter.
 24708 | Gauntlet | Found a transporter.
 24719 | Gauntlet | Found a transporter.
 24735 | Gauntlet | Found a transporter.
 24745 | Gauntlet | Found a transporter.
 24750 | Gauntlet | Found a transporter.
 24784 | Gauntlet | Found a transporter.
 24795 | Gauntlet | Found a transporter.
 24875 | Gauntlet | Reached skill level 18 in Spellcasting
 25032 | Gauntlet | Offered knowledge of Spellforged Servitor by Vehumet.
 25098 | Gauntlet | Got a scorched platinum ring
 25136 | Gauntlet | Got a shimmering turquoise ring
 25242 | Gauntlet | Identified Sif Muna's Almanac of Dusty Poisoning
 25244 | Gauntlet | Got a faintly humming robe
 25251 | Gauntlet | Identified the Collected Works on Translocation
 25650 | D:13     | Reached skill level 19 in Spellcasting
 25875 | D:13     | Found a runed translucent door.
 26210 | D:13     | Noticed a sphinx
 26239 | D:13     | Killed a sphinx
 26491 | D:14     | Reached XP level 15. HP: 63/84 MP: 29/40
 26697 | D:14     | Noticed Frances
 26702 | D:14     | Killed Frances
 26702 | D:14     | Reached skill level 20 in Spellcasting
 26915 | D:14     | Found a gate to the Vaults.
 27143 | D:14     | Identified the +0 robe of Recklessness {MR+ Str+2 Int-3}
                  | (You found it in a Gauntlet)
 27146 | D:14     | Identified the ring "Zyzoti" {*Slow rPois rF+ Slay+2} (You
                  | found it in a Gauntlet)
 27148 | D:14     | Identified the ring of Teregoh {*Drain rElec rC- rN+++
                  | rCorr} (You found it in a Gauntlet)
 27210 | D:14     | Found a shadowy altar of Dithmenos.
 27452 | D:14     | Reached skill level 21 in Spellcasting
 27722 | D:15     | Entered Level 15 of the Dungeon
 27830 | D:15     | Offered knowledge of Orb of Destruction by Vehumet.
 28097 | D:15     | Learned a level 2 spell: Blink
 29435 | D:14     | Learned a level 3 spell: Stone Arrow
 29578 | Shoals:1 | Entered Level 1 of the Shoals
 29580 | Shoals:1 | Reached skill level 1 in Conjurations
 30222 | Shoals:1 | Got a dazzling arbalest
 30361 | Shoals:1 | Noticed a kraken
 30373 | Shoals:1 | Killed a kraken
 30373 | Shoals:1 | Reached skill level 5 in Conjurations
 30747 | Shoals:2 | Noticed a kraken
 30749 | Shoals:2 | Reached XP level 16. HP: 88/88 MP: 32/43
 30750 | Shoals:2 | Killed a kraken
 30811 | Shoals:2 | Noticed Nikola
 30818 | Shoals:2 | Killed Nikola
 30891 | Shoals:2 | Found Eneock's Antique Armour Shoppe.
 30894 | Shoals:2 | Bought a pair of embroidered boots for 270 gold pieces
 30906 | Shoals:2 | Identified a +0 pair of boots of running (You bought it in
                  | a shop on level 2 of the Shoals)
 31085 | Shoals:2 | Identified the +6 arbalest of Awkuse {vorpal, rN+++ Dex-2
                  | SInv Stlth+} (You found it on level 1 of the Shoals)
 31406 | Shoals:3 | Offered knowledge of Irradiate by Vehumet.
 31423 | Shoals:3 | Reached skill level 1 in Earth Magic
 31811 | Shoals:3 | Identified the +7 demon trident of the Yoke {drain, Int+4
                  | SInv}
 31814 | Shoals:3 | Found a transporter.
 31849 | Shoals:3 | Noticed Ilsuiw
 31855 | Shoals:3 | Killed Ilsuiw
 31855 | Shoals:3 | Reached skill level 5 in Earth Magic
 31855 | Shoals:3 | Identified the +8 demon trident "Pionlala" {vamp, rElec
                  | Int+3}
 31857 | Shoals:3 | Noticed Agufooqau's ghost (adept DDFi)
 31943 | Shoals:3 | Found a bloodstained altar of Trog.
 32249 | Shoals:3 | Found a transporter.
 32572 | Shoals:4 | Entered Level 4 of the Shoals
 33343 | Shoals:4 | Reached skill level 10 in Earth Magic
 33352 | Shoals:4 | Offered knowledge of Freezing Cloud by Vehumet.
 33473 | Shoals:4 | Identified the +6 war axe of No Interval {venom, Int+3}
 33562 | Shoals:4 | Learned a level 6 spell: Freezing Cloud
 33611 | Shoals:4 | Reached skill level 1 in Air Magic
 33738 | Shoals:4 | Got a barnacled rune of Zot
 34082 | Shoals:4 | Reached XP level 17. HP: 93/93 MP: 41/44
 34238 | Shoals:4 | Learned a level 6 spell: Iron Shot
 34417 | Shoals:4 | Identified the +1 leather armour of the Lost Allies {Harm}
 34573 | Snake:1  | Entered Level 1 of the Snake Pit
 34575 | Snake:1  | Noticed Aizul
 34579 | Snake:1  | Killed Aizul
 34593 | Snake:1  | Reached skill level 5 in Air Magic
 34665 | Snake:1  | Got a faintly glowing marble ring
 34758 | Snake:1  | Found Xilityocyn's Jewellery Emporium.
 34791 | Snake:1  | Bought a cursed ring of teleportation for 58 gold pieces
 34797 | Snake:1  | Identified the ring "Foil" {+Fly Str+6} (You found it on
                  | level 1 of the Snake Pit)
 35520 | Snake:1  | Found Ugafaet's Jewellery Shop.
 35520 | Snake:1  | Found Milileot's Gadget Shoppe.
 35521 | Snake:1  | Found Gihezo Amim's Gadget Shoppe.
 35869 | Snake:2  | Reached skill level 10 in Conjurations
 36003 | Snake:2  | Offered knowledge of Lehudib's Crystal Spear by Vehumet.
 36123 | Snake:2  | Found Zoduem's Food Emporium.
 36126 | Snake:2  | Found Miamaguqoj's Book Emporium.
 36126 | Snake:2  | Found Wecvuyrghu's Book Shoppe.
 36313 | Snake:2  | Found Juxeed's Assorted Antiques.
 36386 | Snake:2  | Found a runed translucent door.
 36392 | Snake:2  | Noticed Tudokhlaotz's ghost (adept NaWz)
 36623 | Snake:2  | Found Bugann's Magic Scroll Shop.
 36633 | Snake:2  | Bought a scroll of acquirement for 520 gold pieces
 36979 | Snake:3  | Reached ****** piety under Vehumet
 37700 | Snake:3  | Noticed Mara
 37773 | Snake:3  | Killed Mara
 37773 | Snake:3  | Reached XP level 18. HP: 98/98 MP: 18/45
 37915 | Snake:4  | Entered Level 4 of the Snake Pit
 38366 | Snake:4  | Offered knowledge of Fire Storm by Vehumet.
 38366 | Snake:4  | Offered knowledge of Chain Lightning by Vehumet.
 38366 | Snake:4  | Offered knowledge of Absolute Zero by Vehumet.
 38911 | Snake:4  | Noticed Asterion
 38916 | Snake:4  | Killed Asterion
 39364 | Snake:4  | Reached skill level 15 in Earth Magic
 39364 | Snake:4  | Noticed Kirke
 39367 | Snake:4  | Killed Kirke
 39540 | Snake:4  | Noticed Vashnia
 39550 | Snake:4  | Killed Vashnia
 39920 | Snake:4  | Reached skill level 15 in Conjurations
 40456 | Snake:4  | Reached XP level 19. HP: 103/103 MP: 30/46
 40683 | Snake:4  | Got a serpentine rune of Zot
 41036 | Vaults:1 | Entered Level 1 of the Vaults
 41092 | Vaults:1 | Found Jios's Armour Shop.
 41257 | Vaults:1 | Found Renux's Jewellery Boutique.
 42020 | Vaults:1 | Found the +7 sceptre of Torment {pain, torment}
 42788 | Vaults:2 | Noticed Xtahua
 42792 | Vaults:2 | Killed Xtahua
 43001 | Vaults:2 | Found Pasmon's Weapon Shoppe.
 43346 | D:15     | Found a staircase to the Depths.
 43569 | D:10     | Found a staircase to the Orcish Mines.
 43861 | Orc:1    | Entered Level 1 of the Orcish Mines
 44138 | Orc:2    | Entered Level 2 of the Orcish Mines
 44155 | Orc:2    | Found a staircase to the Elven Halls.
 44264 | Orc:2    | Found a roughly hewn altar of Beogh.
 44264 | Orc:2    | Noticed Donald
 44270 | Orc:2    | Killed Donald
 44583 | Orc:2    | Noticed Jorgrun
 44590 | Orc:2    | Killed Jorgrun
 44591 | Orc:2    | Found a frozen archway.
 44604 | IceCv    | Entered an ice cave
 45403 | IceCv    | Reached skill level 15 in Dodging
 45766 | IceCv    | Got a transparent bone ring
 45767 | IceCv    | Identified the ring "Ticiumm" {Fire +Fly rN+ Dex-2} (You
                  | found it in an ice cave)
 46265 | Orc:2    | Found a roughly hewn altar of Beogh.
 46350 | Orc:2    | Found Hiec's Antique Armour Shoppe.
 46350 | Orc:2    | Found a roughly hewn altar of Beogh.
 46356 | Orc:2    | Found Xecoquff's Antique Weapon Emporium.
 46498 | Orc:2    | Found a roughly hewn altar of Beogh.
 46499 | Orc:2    | Found Qauhuloa's Jewellery Emporium.
 46511 | Orc:2    | Bought the ring "Acaic" {MR+ MP+9 Int+6} for 678 gold
                  | pieces
 46672 | Orc:2    | Found a roughly hewn altar of Beogh.
 46701 | Orc:2    | Found a roughly hewn altar of Beogh.
 46707 | Orc:2    | Found Jiemubra's Book Shoppe.
 46788 | Orc:2    | Found a roughly hewn altar of Beogh.
 46897 | Orc:2    | Found a roughly hewn altar of Beogh.
 47935 | Vaults:2 | Reached XP level 20. HP: 108/108 MP: 44/47
 48170 | Vaults:2 | Found a staircase to the Crypt.
 48867 | Vaults:3 | Found a portal to a secret trove of treasure.
 50210 | Vaults:3 | Found Vuet's Book Shoppe.
 50255 | Vaults:3 | Noticed Boris
 50262 | Vaults:3 | Killed Boris
 50730 | Vaults:4 | Got a pair of transparent boots
 50731 | Vaults:4 | Identified the cursed +0 pair of boots of the Ban {Int+6
                  | Stlth+} (You found it on level 4 of the Vaults)
 51377 | Vaults:4 | Reached XP level 21. HP: 110/112 MP: 34/48
 52370 | Vaults:4 | Got an encrusted shortbow
 52371 | Vaults:4 | Identified the +3 shortbow of Action {speed, rN++} (You
                  | found it on level 4 of the Vaults)
 52869 | Vaults:2 | Got a pitted cloak
 52870 | Vaults:2 | Identified the +2 cloak of the Blacksmith {rC- Int+3 Dex+2}
                  | (You found it on level 2 of the Vaults)
 53144 | Lair:3   | Got a pair of pitted gloves
 53145 | Lair:3   | Identified the cursed -6 pair of gloves "Vite" {*Contam rN+
                  | Int+2} (You found it on level 3 of the Lair of Beasts)
 53258 | Shoals:3 | Killed Agufooqau's ghost
 53908 | D:13     | Got a vibrating bronze ring
 53929 | D:13     | Got a brightly glowing trident
 54154 | Snake:2  | Killed Tudokhlaotz's ghost
 54409 | Depths:1 | Entered Level 1 of the Depths
 54471 | Depths:1 | Found a gateway to Hell.
 54544 | Depths:1 | Found a gateway to a ziggurat.
 54682 | Depths:1 | Learned a level 9 spell: Absolute Zero
 54804 | Depths:1 | You fall into a shaft and drop 1 floor!
 54804 | Depths:2 | Found a one-way gate leading to the halls of Pandemonium.
 55317 | Depths:2 | Found Essaiseu's Magic Scroll Boutique.
 55321 | Depths:2 | Bought a scroll of identify for 30 gold pieces
 55321 | Depths:2 | Identified the +2 trident of Conversion {vorpal, *Rage +Inv
                  | rElec} (You found it on level 13 of the Dungeon)
 55417 | Depths:2 | Identified the +8 battleaxe of Okawaru's Regard {holy, MR++
                  | Int-4}
 57418 | D:6      | Bought 2 potions of experience for 1000 gold pieces
 57418 | D:6      | Reached skill level 10 in Fighting
 57418 | D:6      | Reached XP level 22. HP: 127/127 MP: 49/49
 57419 | D:6      | Reached XP level 23. HP: 133/133 MP: 50/50
 57987 | Shoals:2 | Bought a translucent tower shield for 342 gold pieces
 57987 | Shoals:2 | Bought a transparent leather armour for 252 gold pieces
 57987 | Shoals:2 | Identified the ring "Gauklir" {rPois rC- rN+ Int+2} (You
                  | found it on level 13 of the Dungeon)
 57994 | Shoals:2 | Identified the +6 tower shield of the Crown {rF+ Int+4
                  | Stlth+} (You bought it in a shop on level 2 of the Shoals)
 58004 | Shoals:2 | Identified the +4 leather armour "Ydekoas" {Str+4} (You
                  | bought it in a shop on level 2 of the Shoals)
 58510 | Depths:3 | Reached skill level 1 in Shields
 58558 | Depths:3 | Found a one-way gate to the infinite horrors of the Abyss.
 58595 | Depths:3 | Noticed Saint Roka
 58596 | Depths:3 | Reached XP level 24. HP: 140/140 MP: 50/50
 58600 | Depths:3 | Killed Saint Roka
 58805 | Depths:3 | Reached skill level 5 in Shields
 59037 | Depths:3 | Found Nonoera's Assorted Antiques.
 59935 | Depths:3 | Noticed Jory
 59939 | Depths:3 | Killed Jory
 60303 | Depths:3 | Found an ancient bone altar of Kikubaaqudgha.
 60921 | Depths:4 | Reached skill level 10 in Shields
 61411 | Depths:4 | Found an iron altar of Okawaru.
 61763 | Crypt:1  | Entered Level 1 of the Crypt
 61872 | Crypt:1  | Reached XP level 25. HP: 100/144 MP: 3/50
 62219 | Crypt:1  | Noticed Sojobo
 62256 | Crypt:1  | Killed Sojobo
 63159 | Crypt:1  | Found a basalt altar of Yredelemnul.
 64859 | Crypt:3  | Entered Level 3 of the Crypt
 65732 | Crypt:3  | Found a staircase to the Tomb.
 65882 | Crypt:3  | Noticed an ancient lich
 65970 | Crypt:3  | Reached skill level 15 in Shields
 66356 | Crypt:3  | Killed an ancient lich
 66408 | Crypt:3  | Noticed an ancient lich
 66410 | Crypt:3  | Killed an ancient lich
 67067 | Depths:4 | Noticed an ancient lich
 67069 | Depths:4 | Killed an ancient lich
 67186 | Depths:4 | Noticed a juggernaut
 67188 | Depths:4 | Killed a juggernaut
 67188 | Depths:4 | Reached XP level 26. HP: 150/150 MP: 44/50
 67645 | Depths:4 | Identified the Catalogue of the Birds
 68017 | Depths:5 | Entered Level 5 of the Depths
 68704 | Depths:5 | Found a gate to the Realm of Zot.
 68809 | Depths:5 | Noticed a juggernaut
 68813 | Depths:5 | Killed a juggernaut
 69767 | Elf:1    | Entered Level 1 of the Elven Halls
 70481 | Elf:1    | Found Acij's Jewellery Shop.
 70812 | Elf:2    | Found a runed translucent gate.
 70812 | Elf:2    | Found a runed translucent gate.
 70812 | Elf:2    | Found a runed translucent gate.
 70870 | Elf:2    | Found Kebbuobb's Magic Scroll Boutique.
 70885 | Elf:2    | Bought a scroll of acquirement for 520 gold pieces
 70885 | Elf:2    | Bought a scroll of acquirement for 520 gold pieces
 70914 | Elf:2    | Identified the +5 rapier of Lextueck {speed, rElec}
 71107 | Elf:2    | Reached XP level 27. HP: 155/155 MP: 50/50
 72114 | Elf:3    | Entered Level 3 of the Elven Halls
 72902 | Elf:3    | Found Jokkok's Antique Weapon Shop.
 72932 | Elf:3    | Got a colourful robe
 72943 | Elf:3    | Identified the cursed +0 robe of the Original Sin {rCorr}
                  | (You found it on level 3 of the Elven Halls)
 73307 | Elf:3    | Found the +8 orange crystal plate armour {Archmagi, Int+3
                  | Clar}
 73478 | Elf:3    | Got the +7 plate armour of the Solstice {MR+ Int+2}
 73509 | Elf:3    | Identified the Volume of Flamy Cold
 73523 | Elf:3    | Got a clouded ivory ring
 73527 | Elf:3    | Identified the ring "Veid" {*Corrode +Fly rC+ MR- Dex+6}
                  | (You found it on level 3 of the Elven Halls)
 73555 | Elf:3    | Got a steaming lead ring
 73557 | Elf:3    | Identified the ring "Cyviof" {rF+ MR+ MP+9} (You found it
                  | on level 3 of the Elven Halls)
 73567 | Elf:3    | Got a translucent demon whip
 73708 | Elf:3    | Found a runed translucent gate.
 73709 | Elf:3    | Found a runed translucent gate.
 73710 | Elf:3    | Found a runed translucent gate.
 73711 | Elf:3    | Noticed Naugih's ghost (adept SpEn)
 73712 | Elf:3    | Noticed Uxtu Raffyig's ghost (adept VSGl)
 73712 | Elf:3    | Noticed Dyalist's ghost (legendary GnFi)
 73712 | Elf:3    | Noticed Hicoetiz's ghost (adept SpEn)
 73824 | Elf:3    | Killed Dyalist's ghost
 73827 | Elf:3    | Killed Hicoetiz's ghost
 73828 | Elf:3    | Killed Naugih's ghost
 73831 | Elf:3    | Killed Uxtu Raffyig's ghost
 73867 | Elf:3    | Got a smoking golden ring
 73869 | Elf:3    | Identified the ring "Widghune" {MR+ EV+4 Str+2 Int-3} (You
                  | found it on level 3 of the Elven Halls)
 74160 | Slime:1  | Entered Level 1 of the Pits of Slime
 74181 | Slime:1  | Reached skill level 1 in Armour
 75120 | Slime:3  | Reached skill level 5 in Armour
 75899 | Slime:4  | Reached skill level 1 in Maces & Flails
 75906 | Slime:4  | Gained mutation: You passively map a small area around you.
                  | [a shining eye]
 76359 | Slime:5  | Entered Level 5 of the Pits of Slime
 76403 | Slime:5  | Found a viscous altar of Jiyva.
 76406 | Slime:5  | Noticed the Royal Jelly
 76411 | Slime:5  | Killed the Royal Jelly
 76749 | Slime:5  | Reached skill level 10 in Armour
 76868 | Slime:5  | Gained mutation: Your spells are a little easier to cast,
                  | but a little less powerful. [a shining eye]
 76884 | Slime:5  | Found the amulet of Vitality {Regen+ HP+15}
 76895 | Slime:5  | Got a slimy rune of Zot
 76920 | Slime:5  | Identified the Collected Works on Glacial Necromancy
 76927 | Slime:5  | Got a coiled copper ring
 76928 | Slime:5  | Identified the +6 demon whip "Amnorrun" {speed, Fragile
                  | rPois Str+5} (You found it on level 3 of the Elven Halls)
 77457 | Crypt:2  | Got a transparent morningstar
 77458 | Crypt:2  | Identified the +7 morningstar "Bepnel" {speed, MR+} (You
                  | found it on level 2 of the Crypt)
 77790 | Orc:2    | Bought a slimy rapier for 279 gold pieces
 77790 | Orc:2    | Bought an ancient mace for 248 gold pieces
 77790 | Orc:2    | Bought a faintly glowing morningstar for 279 gold pieces
 77790 | Orc:2    | Bought a slimy morningstar for 279 gold pieces
 77790 | Orc:2    | Identified the +7 rapier of Paper {holy, Str+4 Dex+4} (You
                  | bought it in a shop on level 2 of the Orcish Mines)
 77792 | Orc:2    | Identified the +5 mace of Death {chaos, Str+9 Dex+5 Stlth-}
                  | (You bought it in a shop on level 2 of the Orcish Mines)
 77794 | Orc:2    | Identified the +4 morningstar of Regicide {vorpal, rN+
                  | Int+4 Dex+4} (You bought it in a shop on level 2 of the
                  | Orcish Mines)
 77795 | Orc:2    | Identified the +8 morningstar of Shrieking Terror {flame,
                  | MR+} (You bought it in a shop on level 2 of the Orcish
                  | Mines)
 77887 | Elf:3    | Bought a crystal spear for 136 gold pieces
 77887 | Elf:3    | Identified the +8 spear "Leviticus" {vorpal, Int+6 Dex+2}
                  | (You bought it in a shop on level 3 of the Elven Halls)
 78143 | D:6      | Bought a translucent chain mail for 161 gold pieces
 78153 | D:6      | Identified the cursed +1 chain mail "Beosoq" {Str+2} (You
                  | bought it in a shop on level 6 of the Dungeon)
 78207 | D:5      | Bought a faintly glowing ring mail for 234 gold pieces
 78207 | D:5      | Bought a translucent chain mail for 247 gold pieces
 78217 | D:5      | Identified the +5 ring mail "Pylipnu" {Regen+ Str+7} (You
                  | bought it in a shop on level 5 of the Dungeon)
 78227 | D:5      | Identified the +8 chain mail of Zosorausk {rCorr Int+3
                  | Dex+3} (You bought it in a shop on level 5 of the Dungeon)
 78463 | Snake:2  | Bought a warped robe for 193 gold pieces
 78463 | Snake:2  | Bought a crude hunting sling for 221 gold pieces
 78473 | Snake:2  | Identified the +2 robe of Dyspraxia {Int+4 Slay+2} (You
                  | bought it in a shop on level 2 of the Snake Pit)
 78485 | Snake:2  | Identified the +5 hunting sling "Puhoad" {venom, rC+} (You
                  | bought it in a shop on level 2 of the Snake Pit)
 78664 | Slime:5  | Got a faintly glowing chain mail
 78675 | Slime:5  | Identified the +8 chain mail of Wife {rC+ rCorr Str-3} (You
                  | found it on level 5 of the Pits of Slime)
 78692 | Slime:5  | Got an emerald-encrusted plate armour
 78703 | Slime:5  | Identified the cursed +0 plate armour of the Tundras {rPois
                  | rCorr SInv} (You found it on level 5 of the Pits of Slime)
 78723 | Slime:5  | Got a fine longbow
 79147 | Vaults:5 | Entered Level 5 of the Vaults
 79147 | Vaults:5 | Noticed an ancient lich
 79153 | Vaults:5 | Killed an ancient lich
 79156 | Vaults:5 | Noticed an ancient lich
 79161 | Vaults:5 | Killed an ancient lich
 79517 | Vaults:5 | Identified the ring of Xom's Best Wishes {MR+ EV+4 Str+4
                  | Int+3} (You found it on level 5 of the Pits of Slime)
 79708 | Vaults:5 | Got a heavily runed scale mail
 79822 | Vaults:5 | Identified the cursed +1 scale mail of Atrar {rElec rPois
                  | rC+ Dex-3} (You found it on level 5 of the Vaults)
 79873 | Vaults:5 | Identified the Collected Works on Assistive Dark Secrets
 79884 | Vaults:5 | Learned a level 8 spell: Necromutation
 79890 | Vaults:5 | Learned a level 5 spell: Borgnjor's Vile Clutch
 80185 | Vaults:5 | Got a silver rune of Zot
 80189 | Vaults:5 | Identified Fonk's Collected Works on the Glacial Rocks
 80610 | Vaults:5 | Reached skill level 15 in Armour
 81772 | Hell     | Entered the Vestibule of Hell
 81772 | Hell     | Noticed Geryon
 81780 | Hell     | Killed Geryon
 81842 | Hell     | Gained mutation: You are weak. (Str -2) [a cacodemon]
 82389 | Hell     | Found a gateway to the decaying netherworld of Tartarus.
 82677 | Hell     | Found a gateway to the ashen valley of Gehenna.
 82748 | Hell     | Found a gateway to the Iron City of Dis.
 82781 | Hell     | Found a gateway to the freezing wastes of Cocytus.
 83015 | Dis:1    | Entered Level 1 of the Iron City of Dis
 83446 | Geh:1    | Entered Level 1 of Gehenna
 86414 | Geh:2    | Reached skill level 1 in Necromancy
 86414 | Geh:2    | Reached skill level 1 in Transmutations
 87032 | Geh:3    | Reached skill level 5 in Necromancy
 87196 | Geh:2    | Reached skill level 5 in Transmutations
 88695 | Geh:3    | Reached skill level 10 in Necromancy
 89042 | Geh:3    | Reached skill level 10 in Transmutations
 89449 | Geh:4    | You fall into a shaft and drop 2 floors!
 91382 | Geh:7    | Entered Level 7 of Gehenna
 91608 | Geh:7    | Reached skill level 15 in Necromancy
 92373 | Geh:7    | Reached skill level 15 in Transmutations
 92877 | Geh:7    | Identified the +7 sceptre of Asmodeus
 92877 | Geh:7    | Noticed Asmodeus
 92878 | Geh:7    | Found the +2 cloak of the Thief {+Fog Slay-2 SInv Stlth+}
 92878 | Geh:7    | Killed Asmodeus
 92914 | Geh:7    | Got an obsidian rune of Zot
 93509 | Tar:1    | Entered Level 1 of Tartarus
 93580 | Tar:1    | Reached skill level 22 in Spellcasting
 94014 | Tar:1    | Reached skill level 23 in Spellcasting
 94636 | Tar:1    | Reached skill level 24 in Spellcasting
 95882 | Tar:2    | Reached skill level 25 in Spellcasting
 96629 | Tar:2    | Reached skill level 26 in Spellcasting
 97484 | Tar:3    | Reached skill level 27 in Spellcasting
 98347 | Tar:3    | Reached skill level 1 in Evocations
 98590 | Tar:3    | Reached skill level 5 in Evocations
 99856 | Tar:4    | Reached skill level 10 in Evocations
 99882 | Tar:4    | Reached skill level 1 in Polearms
100194 | Tar:4    | Reached skill level 5 in Polearms
101134 | Tar:4    | Killed from afar by a Tzitzimitl

Illustrated notes

Levels and vault maps discovered:
D:1:      scummos_arrival_forest, layout_rooms
D:2:      layout_loops_ring, nicolae_ru_awakened_eye, serial_glass,
          glass_columns_b, glass_columns_a, glass_columns_a, glass_columns_c,
          feat_on_display, minmay_strange_pillars, due_unseen_surprise,
          minmay_strange_pillars
D:3:      layout_basic, vehumet_crystals, first_ration, uniq_jessica
D:4:      minmay_wonky_spiral, layout_cave_pools, dancing_weapons_uskayaw,
          nemelex_xobeh_ov_fountains_minmay, kennysheep_mini_moat
D:5:      layout_rooms, nicolae_overflow_crystal_walls, kennysheep_little_box,
          minmay_temple_entry_sparse_star, serial_shops, shop,
          cheibrodos_sewer_entry_bend, uniq_edmund
D:6:      layout_basic, serial_shops, shop, shop, nicolae_shop_waterfront,
          shop_statue, nicolae_shop_trees, eino_small_chamber_without_monster,
          doesnt_xom_only_xom
D:7:      cheibrodos_wizards_tower, layout_basic, overflow_temple_1_default,
          marbit_many_paths
D:8:      layout_loops_cross
D:9:      layout_roguey, overflow_temple_1_default, fedhas_altar_2,
          lemuel_coloured_pillars_altar, dpeg_lair_monsters
D:10:     minmay_the_grid_plus_closed [minmay_the_grid_expand,
          minmay_the_grid_dragon_b, minmay_the_grid_outer_circle,
          minmay_the_grid_fan, minmay_the_grid_prize_four_corners],
          layout_loops_ring, erik_orc_1, uniq_sonja
D:11:     layout_rooms, grunt_livestock
D:12:     layout_basic, cheibriados_altar_1
D:13:     gammafunk_corrupted_shrine, layout_irregular_city,
          gauntlet_entry_generic, serial_shops, shop, lightli_airlock
D:14:     layout_basic, lightli_vaults_fourway_checkpoint,
          grunt_dithmenos_shadows, grunt_ministairs_6, chequers_arboretum,
          kennysheep_two_boxes, uniq_frances
D:15:     grunt_enter_depths_hoard, layout_small_grid, serial_ice, serial_ice_m,
          serial_ice_d, serial_ice_f, serial_ice_j, serial_ice_o, serial_ice_g,
          corexii_corridor_pit
Lair:1:   layout_gridlike, grunt_megastairs_5
Lair:2:   layout_hall_layers, shoals_dummy_entry, cheibrodos_lair_lostbears,
          serial_bayou_shore_b
Lair:3:   gammafunk_cloud_chamber, layout_small_grid,
          minmay_snake_entry_six_corridors
Lair:4:   layout_layer_cave, enter_volcano_4, zaba_antful_of_joy,
          infiniplex_staircase_pool_2, grunt_megastairs_1, lemuel_fruit_fields
Lair:5:   layout_layer_cave, grunt_forest_large_clearing_hut,
          lemuel_fruit_fields
Lair:6:   grunt_lair_end_beastmaster, layout_small_grid, slime_altar_1,
          serial_bayou_shore_a, grunt_megastairs_3
Shoals:1: layout_shoals, nicolae_shoals_stone_sculpture_thing
Shoals:2: layout_shoals, serial_shops, nicolae_shop_behind_doors, uniq_nikola
Shoals:3: layout_shoals, gammafunk_ghost_wrathful_warriors, uniq_ilsuiw
Shoals:4: shoals_end_simple, layout_shoals
Snake:1:  layout_gridlike, serial_shops, nicolae_shop_statue_plus, drop_trap,
          minmay_shop_grove, uniq_aizul
Snake:2:  layout_onion, serial_shops, shop_scrolls,
          ebering_ghost_reflecting_pool, minmay_shoptagon, lemuel_fruit_tree
Snake:3:  layout_misc_corridors, uniq_mara
Snake:4:  grunt_snake_rune_spirals, layout_onion, st_stairs_12,
          nicolae_snake_lava_pool, uniq_asterion, uniq_kirke, uniq_vashnia
Slime:1:  layout_caves
Slime:2:  layout_caves
Slime:3:  layout_caves
Slime:4:  layout_caves
Slime:5
Orc:1:    layout_diamond_mine, basic_altar
Orc:2:    grunt_orc_community_town_hall, layout_caves,
          grunt_orc_community_big_house_1, grunt_orc_community_big_house_2,
          grunt_orc_community_house_1, grunt_orc_community_house_1,
          grunt_orc_community_house_2, grunt_orc_community_house_1,
          grunt_orc_community_house_3, grunt_orc_community_house_3,
          portal_ice_cave_entry_pillars_1, basic_altar, uniq_jorgrun,
          uniq_donald
Elf:1:    eino_elf_arrival_sip, layout_rooms, serial_shops, shop_statue,
          minivault_28
Elf:2:    layout_rooms, serial_shops, shop, serial_sigils_hangedman_shear,
          feat_on_display
Elf:3:    minmay_elf_hall_circle, layout_loops_ring, gammafunk_ghost_cemetery,
          serial_shops, nicolae_shop_crystal, guppyfry_library_mini
Vaults:1: hangedman_vaults_capsules, v_misc_17, v_misc_23,
          vaults_standard_mumra_x, v_misc_23, vaults_dpeg_encased_lava,
          layout_vaults_omnigrid, serial_shops, shop, shop
Vaults:2: ontoclasm_vaults_ligature, nicolae_vaults_circle_grid_a,
          nicolae_vaults_quartermaster, minmay_crypt_entry_simple_walls,
          hangedman_vaults_stream, vaults_room_boxed, v_misc_16,
          hangedman_vaults_nails, v_misc_3, nicolae_vaults_ring_of_whatevers,
          v_alt_pattern_5, vaults_room_corners, layout_vaults_big_room,
          serial_shops, nicolae_shop_window_shopping, uniq_xtahua
Vaults:3: vaults_dpeg_hooks, hangedman_vaults_stitches, v_misc_24, v_misc_30,
          vaults_dpeg_diagonal, ontoclasm_vaults_pinch, grunt_vaults_swirl,
          grunt_vaults_diagonal, nicolae_vaults_border_crossing,
          vaults_room_hallway, vaults_mumra_lcd,
          vaults_room_grunt_arrival_checkpoint, dpeg_vaults_monster_row,
          layout_vaults_big_cross, serial_shops, shop,
          nicolae_trove_entry_crystal, uniq_boris
Vaults:4: nicolae_vaults_what_the_h, vaults_mumra_chevron_long, v_misc_25,
          v_misc_16, vaults_room_octagon, dpeg_vaults_monster_box,
          ontoclasm_vaults_echo, grunt_vaults_hallway_short,
          vaults_room_door_ring, vaults_mumra_minichess,
          nicolae_vaults_rhombus_5, nicolae_vaults_network_s,
          vaults_room_large_hall, hangedman_vaults_stretched_pinwheel,
          v_misc_19, nicolae_vaults_big_ls, vaults_room_corners,
          v_alt_pattern_3, serial_ice_b, layout_vaults_omnibox
Vaults:5: serial_shops
Crypt:1:  layout_gridlike, basic_altar, grunt_crypt_arrival_guarded_gate,
          uniq_sojobo
Crypt:2:  layout_regular_city
Crypt:3:  david_glass_crypt, layout_chaotic_city,
          nicolae_tomb_entry_unfolded_pyramid_orthogonal
Depths:1: layout_roguey, enter_ziggurat_c, hell_entry, nrook_campfire,
          grunt_ministairs_4, nrook_mini_vaults, minmay_liquid_box,
          nzn_random_ring
Depths:2: minmay_big_diamond_grid, layout_twisted_cross, pf_coc_iceberg,
          serial_shops, shop, serial_glass, glass_columns_a, glass_columns_a,
          glass_columns_a, glass_columns_b, glass_columns_b, glass_columns_c,
          grunt_pan_entry_sceptre
Depths:3: lemuel_vampire_tower, layout_gridville, infiniplex_staircase_trident,
          hellmouth_1, abyss_entry, rand_demon_pan_entry_9, minmay_shop_star,
          serial_bayou_shore_b, uniq_saint_roka
Depths:4: grunt_bent_corner, layout_cave_pools, grunt_pan_entry_zigzag,
          pf_hell_entry_tar_river, abyss_entry, okawaru_ov_weapons_minmay,
          minmay_staircase_windowed_large, firewood_loft
Depths:5: grunt_runaround [grunt_runaround_doors_1, grunt_runaround_doors_2,
          grunt_runaround_doors_3, grunt_runaround_doors_4,
          grunt_runaround_zot], abyss_entry, serial_shops, hell_entry, pan_entry
Hell
Dis:1:    layout_jigsaw
Geh:1:    layout_gehenna_lava_caves, gehenna_fire_generator
Geh:2:    grunt_deathspiral_small, layout_gehenna_pools_box,
          lemuel_flamethrower_2
Geh:3:    layout_gehenna_lava_caves
Geh:4:    layout_gehenna_lava_caves
Geh:6:    layout_gehenna_lava_caves
Geh:7:    geh_grunt_pentagon
Tar:1:    layout_catacombs
Tar:2:    layout_cathedral_of_symmetry
Tar:3:    layout_grid_maze
Tar:4:    layout_honeycomb, nicolae_tar_fractal_crypt
Tar:5:    layout_catacombs, lemuel_elevator

Skill      XL: |  1  2  3  4  5  6  7  8  9 10 11 12 13 14 15 16 17 18 19 20 21 22 23 24 25 26 27 |
---------------+----------------------------------------------------------------------------------+-----
Ice Magic      | 5 6 7 11 14 17 18 20 23 | 23.7
Spellcasting   | 4 5 6 7 10 11 12 13 15 19 21 27 | 27.0
Summonings     | 5 7 |  7.1
Staves         | 5 |  5.1
Dodging        | 9 11 16 21 23 | 23.0
Fighting       | 6 10 11 12 | 12.4
Conjurations   | 6 9 14 15 16 | 16.0
Earth Magic    | 11 15 | 15.1
Air Magic      | 2 6 |  6.0
Shields        | 2 12 16 19 | 19.0
Armour         | 20 | 20.0
Maces & Flails | 1 |  1.0
Necromancy     | 17 | 17.3
Transmutations | 16 | 16.1
Evocations     | 10 | 10.1
Polearms       | 8 |  8.3
Stealth        | |  2.4
Charms         | |  0.2

Action                   |  1- 3 |  4- 6 |  7- 9 | 10-12 | 13-15 | 16-18 | 19-21 | 22-24 | 25-27 || total
-------------------------+-------+-------+-------+-------+-------+-------+-------+-------+-------++-------
Melee: Unarmed           |    24 |     9 |       |       |     2 |       |       |       |       ||    35
       Dagger            |       |    17 |   141 |     6 |       |       |       |       |       ||   164
       Quarterstaff      |       |       |       |    45 |       |       |       |       |       ||    45
       Rapier            |       |       |       |    16 |   226 |     1 |       |       |       ||   243
       Mace              |       |       |       |     3 |       |       |       |       |       ||     3
       War axe           |       |       |       |       |       |    13 |    84 |    10 |   135 ||   242
       Eveningstar       |       |       |       |       |       |       |    10 |       |       ||    10
       Spear             |       |       |       |       |       |       |       |       |   979 ||   979
Throw: Javelin           |       |     1 |     1 |     3 |     2 |       |       |       |     2 ||     9
       Dart              |       |       |       |     4 |       |       |       |       |       ||     4
 Cast: Freeze            |    49 |    27 |    64 |    90 |    78 |     7 |       |       |       ||   315
       Frozen Ramparts   |     5 |     8 |    39 |    62 |    61 |     8 |     4 |     3 |     1 ||   191
       Summon Ice Beast  |       |       |    37 |    73 |   105 |       |     5 |     7 |     9 ||   236
       Hailstorm         |       |       |     8 |    73 |   112 |     4 |     1 |       |       ||   198
       Ozocubu's Armour  |       |       |       |       |     1 |       |       |       |       ||     1
       Ozocubu's Refrige |       |       |       |       |   198 |   460 |   523 |   180 |  1015 ||  2376
       Freezing Cloud    |       |       |       |       |       |     1 |       |     1 |     2 ||     4
       Iron Shot         |       |       |       |       |       |       |    89 |   106 |   698 ||   893
       Blink             |       |       |       |       |       |       |     5 |     3 |    11 ||    19
       Absolute Zero     |       |       |       |       |       |       |       |       |   560 ||   560
Evoke: Wand              |       |       |       |       |       |       |       |       |     5 ||     5
  Use: Scroll            |     3 |       |     3 |     5 |    10 |    12 |    10 |     3 |    19 ||    65
       Potion            |       |       |       |     1 |       |       |     1 |     1 |     7 ||    10
 Stab: Sleeping          |     1 |       |     3 |     1 |     3 |       |       |       |    10 ||    18
       Distracted        |       |       |     2 |       |     1 |       |     1 |       |     3 ||     7
  Eat: Chunk             |     3 |     4 |    19 |    21 |    39 |    23 |    42 |     9 |    41 ||   201
       Ration            |       |       |       |     1 |     2 |     2 |     2 |     1 |    24 ||    32
Armor: Robe              |     7 |     8 |    16 |    21 |    87 |    16 |    16 |       |       ||   171
       Animal skin       |       |       |       |       |       |       |     7 |     5 |    13 ||    25
       Ring mail         |       |       |       |       |       |       |       |       |   100 ||   100
Dodge: Dodged            |    36 |    31 |   134 |   181 |   475 |    95 |   249 |    46 |   621 ||  1868
       Repelled          |       |       |       |     3 |       |       |       |     8 |    18 ||    29
Block: Tower shield      |       |       |       |       |       |       |       |    86 |  1559 ||  1645

Table legend:
 A = Non-vault XP
 B = Vault XP
 C = Vault XP percentage of total XP
 D = Non-vault monster count
 E = Vault monster count
 F = Vault count percentage of total count
                 A         B        C        D         E       F
            +---------+---------+-------+---------+---------+-------
      Total | 1598905 | 1099419 |  40.7 |    2783 |    1328 |  32.3
            +---------+---------+-------+---------+---------+-------
        D:1 |      18 |       0 |   0.0 |       9 |       0 |   0.0
        D:2 |      66 |       0 |   0.0 |      25 |       0 |   0.0
        D:3 |      52 |      37 |  41.6 |      21 |       1 |   4.5
        D:4 |     296 |      28 |   8.6 |      10 |       3 |  23.1
        D:5 |     414 |     121 |  22.6 |      18 |       2 |  10.0
        D:6 |    1072 |       0 |   0.0 |      20 |       0 |   0.0
        D:7 |     963 |     753 |  43.9 |      19 |       3 |  13.6
        D:8 |    1017 |       0 |   0.0 |      19 |       0 |   0.0
        D:9 |    1469 |    3325 |  69.4 |      20 |       7 |  25.9
       D:10 |    1708 |    7457 |  81.4 |      16 |      34 |  68.0
       D:11 |    6260 |    1009 |  13.9 |      25 |       5 |  16.7
       D:12 |    5762 |       0 |   0.0 |      15 |       0 |   0.0
       D:13 |    6207 |   12383 |  66.6 |      28 |      18 |  39.1
       D:14 |    7463 |   11426 |  60.5 |      22 |      19 |  46.3
       D:15 |   17463 |    3589 |  17.0 |      49 |      13 |  21.0
     Lair:1 |    2954 |       0 |   0.0 |      17 |       0 |   0.0
     Lair:2 |    2079 |     463 |  18.2 |      12 |       3 |  20.0
     Lair:3 |    2822 |    2043 |  42.0 |      14 |      22 |  61.1
     Lair:4 |    4988 |    6528 |  56.7 |      18 |      37 |  67.3
     Lair:5 |    6941 |    1271 |  15.5 |      24 |       4 |  14.3
     Lair:6 |    8663 |    9055 |  51.1 |      31 |      19 |  38.0
   Shoals:1 |   10113 |       0 |   0.0 |      19 |       0 |   0.0
   Shoals:2 |   10381 |    4139 |  28.5 |      15 |       1 |   6.2
   Shoals:3 |   17067 |   14136 |  45.3 |      30 |      17 |  36.2
   Shoals:4 |   12476 |   22213 |  64.0 |      26 |      38 |  59.4
    Snake:1 |   13339 |    1603 |  10.7 |      27 |       1 |   3.6
    Snake:2 |   14048 |    2693 |  16.1 |      29 |       1 |   3.3
    Snake:3 |   39396 |    6823 |  14.8 |      64 |       1 |   1.5
    Snake:4 |   18289 |   65147 |  78.1 |      28 |     115 |  80.4
    Slime:1 |   14512 |       0 |   0.0 |      30 |       0 |   0.0
    Slime:2 |   14085 |       0 |   0.0 |      19 |       0 |   0.0
    Slime:3 |   22465 |       0 |   0.0 |      59 |       0 |   0.0
    Slime:4 |   15374 |       0 |   0.0 |      28 |       0 |   0.0
    Slime:5 |   14701 |   32369 |  68.8 |      33 |      13 |  28.3
      Orc:1 |     891 |       0 |   0.0 |      20 |       0 |   0.0
      Orc:2 |    2181 |   12646 |  85.3 |      28 |      75 |  72.8
      Elf:1 |   24700 |    9395 |  27.6 |      41 |      15 |  26.8
      Elf:2 |   11232 |   24679 |  68.7 |      19 |      29 |  60.4
      Elf:3 |    9874 |   67039 |  87.2 |      15 |      43 |  74.1
   Vaults:1 |   18100 |    5682 |  23.9 |      39 |       7 |  15.2
   Vaults:2 |   30768 |   32104 |  51.1 |      59 |      55 |  48.2
   Vaults:3 |   16419 |   33096 |  66.8 |      33 |      32 |  49.2
   Vaults:4 |   25673 |   43732 |  63.0 |      42 |      67 |  61.5
   Vaults:5 |   36383 |  153678 |  80.9 |      53 |      95 |  64.2
    Crypt:1 |   30400 |   10038 |  24.8 |      72 |       3 |   4.0
    Crypt:2 |   28398 |       0 |   0.0 |      46 |       0 |   0.0
    Crypt:3 |   14682 |   41411 |  73.8 |      26 |      26 |  50.0
   Depths:1 |   11171 |    2850 |  20.3 |      11 |       4 |  26.7
   Depths:2 |   24719 |   27506 |  52.7 |      28 |      38 |  57.6
   Depths:3 |   54758 |   49824 |  47.6 |      68 |      68 |  50.0
   Depths:4 |   16564 |  129896 |  88.7 |      28 |      95 |  77.2
   Depths:5 |     553 |   96245 |  99.4 |       2 |      75 |  97.4
       Hell |   41303 |   37851 |  47.8 |      37 |      59 |  61.5
      Dis:1 |   15753 |       0 |   0.0 |      34 |       0 |   0.0
      Geh:1 |   61701 |       0 |   0.0 |     103 |       0 |   0.0
      Geh:2 |  122838 |   15388 |  11.1 |     169 |      27 |  13.8
      Geh:3 |   99035 |       0 |   0.0 |     163 |       0 |   0.0
      Geh:4 |   15569 |       0 |   0.0 |      40 |       0 |   0.0
      Geh:6 |  110507 |       0 |   0.0 |     137 |       0 |   0.0
      Geh:7 |   82520 |   57327 |  41.0 |     133 |      43 |  24.4
      Tar:1 |   96842 |       0 |   0.0 |     125 |       0 |   0.0
      Tar:2 |   99489 |       0 |   0.0 |     145 |       0 |   0.0
      Tar:3 |   56847 |       0 |   0.0 |      74 |       0 |   0.0
      Tar:4 |  135623 |   15416 |  10.2 |     149 |      18 |  10.8
      Tar:5 |    8489 |       0 |   0.0 |       5 |       0 |   0.0
      IceCv |       0 |   12706 | 100.0 |       0 |      52 | 100.0
    Volcano |       0 |    6075 | 100.0 |       0 |      11 | 100.0
   Gauntlet |       0 |    6224 | 100.0 |       0 |      14 | 100.0
            +---------+---------+-------+---------+---------+-------
